 Dungeon Crawl Stone Soup version 0.27.0-1-g7a089689b8 (webtiles) character file.

Game seed: 9459501321705544738

3661 inmateoo the Firebug (level 10, -10/68 HPs)
             Began as an Octopode Fire Elementalist on Aug 3, 2021.
             Was a Believer of Vehumet.
             Killed by miscasting Fireball (12 damage)
             ... on level 9 of the Dungeon.
             The game lasted 00:13:33 (10635 turns).

inmateoo the Firebug (Octopode Fire Elementalist)  Turns: 10635, Time: 00:13:34

Health: -10/68     AC:  1    Str: 17    XL:     10   Next: 12%
Magic:  13/18      EV: 14    Int: 20    God:    Vehumet [**....]
Gold:   377        SH:  0    Dex: 10    Spells: 7/20 levels left

rFire    . . .     SeeInvis .   s - +8 demon trident "Rift" {distort, reach+}
rCold    + . .     Faith    .   (no shield)
rNeg     . . .     Spirit   .   (helmet restricted)
rPois    +         Reflect  .   m - amulet of regeneration
rElec    .         Harm     .   j - ring of poison resistance
rCorr    .         Rampage  .   o - ring of protection from cold
Will     .....                  n - +6 ring of strength
Stlth    +++.......             (no ring)
HPRegen  1.21/turn              (no ring)
MPRegen  0.16/turn              (no ring)
                                (no ring)
                                (no ring)

@: very slightly contaminated
A: almost no armour, amphibious, 8 rings, camouflage 1, gelatinous body 1,
(nimble swimmer 1), tentacles, clumsy 1, strong 1
a: Renounce Religion


You were on level 9 of the Dungeon.
You worshipped Vehumet.
Vehumet was pleased with you.
You visited 2 branches of the dungeon, and saw 10 of its levels.

You collected 377 gold pieces.

Inventory:

Hand Weapons
 l - a +6 dagger of flaming
 s - the +8 demon trident "Rift" (weapon) {distort, reach+}
   (You found it on level 8 of the Dungeon)

   It warps and distorts space around it, and may blink, banish, or inflict
   extra damage upon those it strikes.
   Unwielding it can cause banishment or high damage.
   It can reach especially far, and its reaching attacks ignore other creatures
   in the way.
Missiles
 v - a throwing net
Jewellery
 j - a ring of poison resistance (left tentacle)
 m - an amulet of regeneration (around mantle)
 n - a +6 ring of strength (on tentacle)
 o - a ring of protection from cold (right tentacle)
Wands
 e - a wand of polymorph (10)
 g - a wand of iceblast (19)
 h - a wand of flame (44)
 p - a wand of digging (7)
Scrolls
 b - 2 scrolls of teleportation
 i - a scroll of amnesia
Potions
 a - a potion of brilliance
 c - a potion of attraction
 f - 2 potions of curing {unknown}
 k - a potion of might {unknown}
 q - a potion of berserk rage {unknown}
 t - a potion of heal wounds
 u - a potion of magic {unknown}


   Skills:
 + Level 5.8 Fighting
 - Level 4.0 Short Blades
 + Level 1.3 Polearms
 + Level 5.7 Dodging
 - Level 4.0 Stealth
 + Level 5.6 Spellcasting
 + Level 5.8 Conjurations
 + Level 7.3 Fire Magic


You had 7 spell levels left.
You knew the following spells:

 Your Spells              Type           Power      Damage    Failure   Level
a - Foxfire               Conj/Fire      100%       2x1d9     1%          1
b - Conjure Flame         Conj/Fire      31%        6-21      2%          3
c - Sticky Flame          Conj/Fire      31%        2d5       8%          4
d - Fireball              Conj/Fire      15%        3d8       21%         5

Your spell library contained the following spells:

 Spells                   Type           Power      Damage    Failure   Level
 Magic Dart               Conj           100%       1d8       1%          1
 Inner Flame              Hex/Fire       20%        N/A       8%          3


Dungeon Overview and Level Annotations

Branches:
Dungeon (9/15)             Temple (1/1) D:4
   Lair: D:8-11         Orc: D:9-12

Altars:
Ashenzari
Cheibriados
Dithmenos
Elyvilon
Fedhas
Gozag
Hepliaklqana
Kikubaaqudgha
Makhleb
Nemelex Xobeh
Okawaru
Qazlal
Ru
Sif Muna
Trog
Uskayaw
Vehumet
Wu Jian
Xom
Yredelemnul
Zin

Annotations:
D:9 Gastronok


Innate Abilities, Weirdness & Mutations

You cannot wear most types of armour.
You are amphibious.
You can wear up to eight rings at the same time.
Your skin changes colour to match your surroundings (Stealth+).
Your rubbery body absorbs attacks. (AC +1, EV +1)
((You are camouflaged near water. (Stealth+)))
You have tentacles for arms and can constrict up to eight enemies at once.
You are clumsy. (Dex -2)
Your muscles are strong. (Str +2)


Message History

The centaur is severely wounded.
You hear an angry buzzing noise.
The centaur shoots an arrow.
The arrow barely misses you.
The centaur shoots an arrow.
The arrow hits you.
You barely miss the centaur.
The centaur is severely wounded.
The centaur shoots an arrow.
The arrow hits you.
You hear a roar!
You hit the centaur.
The centaur is almost dead.
You hear an angry buzzing noise.
You hear a shout!
You hear an angry buzzing noise.
You hear a shout!
You hear an angry buzzing noise. x2; You hear a shout!
The centaur shoots an arrow.
The arrow closely misses you.
The centaur shoots an arrow.
The arrow hits you!
You hit the centaur but do no damage.
The centaur is almost dead.
The centaur shoots an arrow.
The arrow hits you!
The centaur shoots an arrow.
The arrow closely misses you.
You are too injured to fight recklessly!
You are too injured to fight recklessly!
Reach: s) +8 demon trident "Rift" {distort, reach+}
Press: ? - help, Dir - move target, f/p - centaur
Aim: a centaur, wielding a +0 shortbow and quivering arrows (almost dead, about 24% to evade the +8 demon trident "Rift")
You completely miss the centaur.
The centaur is almost dead.
The centaur shoots an arrow.
The arrow hits you!
* * * LOW HITPOINT WARNING * * *
The centaur shoots an arrow.
The arrow hits you!
* * * LOW HITPOINT WARNING * * *
Casting: Conjure Flame (dangerous; 2% risk of failure)
Confirm with . or Enter, or press ? or * to list all spells.
The spell is quite dangerous to cast (21% risk of failure)!
Continue anyway?
Aiming: Fireball (quite dangerous; 21% risk of failure)
Press: ? - help, Shift-Dir - straight line, f/p - centaur
Aim: a centaur, wielding a +0 shortbow and quivering arrows (almost dead)
You miscast Fireball.
You are very lightly contaminated with residual magic.
You are blasted with magical energy!
You die...

#.#......# #.######.#
#.#......# #.#......#
#.#......# #.#......#
#.#.....##
...#.###.#......#
.....c.@.#......#####
####.#####...........#
#.....#####.# .D#
##...### #T# #.....#
#.# #.....+ #.#
###...# #.# ###...##
#.# #......#


You could see a centaur.

Vanquished Creatures
  Pikel (D:4)
  Grinder (D:3)
  A wyvern (D:9)
  2 water moccasins
  An orc warrior (D:6)
  An ice beast (D:7)
  A black bear (D:5)
  2 necrophages (D:7)
  3 ogres
  3 lemures
  A centaur (D:6)
  A phantom (D:5)
  A gnoll sergeant (D:6)
  2 scorpions
  11 wights
  3 howler monkeys
  A hound (D:7)
  Crazy Yiuf (D:3)
  2 centaur zombies
  2 orc priests
  A bullfrog skeleton (D:6)
  A centaur skeleton (D:7)
  A gnoll shaman (D:8)
  Ijyb (D:2)
  4 iguanas
  Natasha (thrice) (D:3 D:2)
  6 orc wizards
  A hound skeleton (D:4)
  A howler monkey zombie (D:6)
  Robin (D:2)
  6 gnolls
  8 adders
  A shadow imp (D:8)
  3 white imps
  An ufetubus (D:7)
  An adder skeleton (D:4)
  5 worms
  A dart slug (D:1)
  19 orcs
  5 bats
  7 endoplasms
  3 giant cockroaches
  16 goblins
  7 hobgoblins
  5 jackals (D:4)
  7 kobolds
  4 quokkas
  10 ball pythons
  4 rats
174 creatures vanquished.

Vanquished Creatures (others)
  515 foxfires
515 creatures vanquished.

Grand Total: 689 creatures vanquished

Notes
Turn   | Place    | Note
-------+----------+-------------------------------------------
     0 | D:1      | inmateoo the Octopode Fire Elementalist began the quest for
                  | the Orb.
     0 | D:1      | Reached XP level 1. HP: 11/11 MP: 3/3
   254 | D:1      | Reached XP level 2. HP: 13/17 MP: 5/5
   833 | D:2      | Reached XP level 3. HP: 9/22 MP: 6/6
  1014 | D:1      | Learned a level 3 spell: Conjure Flame
  1052 | D:2      | Found a faded altar of an unknown god.
  1279 | D:2      | Reached skill level 1 in Fighting
  1586 | D:2      | Found a shimmering altar of Xom.
  1769 | D:2      | Reached XP level 4. HP: 26/28 MP: 7/7
  1980 | D:3      | Noticed Robin
  2258 | D:2      | Killed Robin
  2330 | D:3      | Noticed Grinder
  2519 | D:4      | Reached XP level 5. HP: 33/33 MP: 3/8
  2598 | D:4      | Noticed a lemure
  3032 | D:4      | Found a staircase to the Ecumenical Temple.
  3039 | Temple   | Entered the Ecumenical Temple
  3124 | Temple   | Became a worshipper of Vehumet
  3154 | D:4      | Found a shimmering blue altar of Sif Muna.
  3377 | D:3      | Learned a level 4 spell: Sticky Flame
  3867 | D:4      | Noticed a lemure
  3868 | D:4      | Noticed Pikel
  3868 | D:4      | Noticed a lemure
  3876 | D:4      | Noticed a lemure
  3895 | D:3      | Gained mutation: You are clumsy. (Dex -2) [potion of
                  | mutation]
  3895 | D:3      | Gained mutation: Your muscles are strong. (Str +2) [potion
                  | of mutation]
  3941 | D:3      | Killed a lemure
  4209 | D:3      | Noticed Natasha
  4519 | D:3      | Killed Natasha
  4520 | D:3      | Reached XP level 6. HP: 39/39 MP: 3/10
  4610 | D:3      | Noticed Ijyb
  4642 | D:3      | Killed Grinder
  4643 | D:3      | Reached skill level 4 in Fire Magic
  4643 | D:3      | Reached XP level 7. HP: 45/45 MP: 0/11
  5001 | D:3      | Noticed Natasha
  5015 | D:2      | Killed Ijyb
  5111 | D:2      | Killed Natasha
  5198 | D:2      | Noticed Natasha
  5204 | D:2      | Killed Natasha
  5288 | D:3      | Found a runed translucent door.
  5289 | D:3      | Noticed Crazy Yiuf
  5531 | D:3      | Killed Crazy Yiuf
  5708 | D:4      | Found an iron altar of Okawaru.
  5708 | D:4      | Found an opulent altar of Gozag.
  5761 | D:3      | HP: 1/46 [iguana (9)]
  6382 | D:4      | Killed Pikel
  6383 | D:4      | Reached skill level 5 in Fire Magic
  6383 | D:4      | Reached XP level 8. HP: 41/54 MP: 1/14
  6546 | D:4      | Identified the -7 pair of boots "Koivue" {Dex+5}
  6613 | D:5      | Entered Level 5 of the Dungeon
  6613 | D:5      | Found a white marble altar of Elyvilon.
  6656 | D:5      | Reached skill level 6 in Fire Magic
  7056 | D:5      | Reached skill level 1 in Short Blades
  7678 | D:6      | Reached * piety under Vehumet
  7678 | D:6      | Offered knowledge of Sandblast by Vehumet.
  7879 | D:5      | Reached XP level 9. HP: 39/58 MP: 7/15
  7952 | D:6      | Learned a level 5 spell: Fireball
  8748 | D:7      | Reached skill level 5 in Fighting
  8748 | D:7      | Reached skill level 5 in Dodging
  8748 | D:7      | Reached skill level 5 in Conjurations
  9042 | D:7      | Reached skill level 5 in Spellcasting
  9215 | D:7      | Reached ** piety under Vehumet
  9278 | D:7      | Offered knowledge of Magic Dart by Vehumet.
  9357 | D:7      | Reached skill level 7 in Fire Magic
  9521 | D:8      | Found the +8 demon trident "Rift" {distort, reach+}
  9766 | D:8      | Reached XP level 10. HP: 45/65 MP: 4/18
 10044 | D:8      | Reached skill level 1 in Polearms
 10555 | D:9      | Noticed Gastronok
 10555 | D:9      | Noticed a five-headed hydra
 10634 | D:9      | HP: 2/68 [centaur/arrow (14)]
 10635 | D:9      | Killed by miscasting Fireball

Illustrated notes

Levels and vault maps discovered:
D:1:      giann_forest_graveyard, layout_loops_cross, chequers_big_river
D:2:      layout_loops_cross, hellmonk_ecumenical_altar_slurped_away,
          basic_altar, minmay_stone_trees_small
D:3:      layout_rooms, uniq_crazy_yiuf_cottage, uniq_natasha, uniq_grinder,
          uniq_robin, uniq_ijyb
D:4:      layout_layer_cave, lemuel_crystal_altar,
          gammafunk_temple_overflow_elements, minmay_temple_entry_junction,
          uniq_pikel
D:5:      layout_basic, mainiacjoe_overflow_catwalk, serial_rivers,
          chequers_serial_rivers_small_b, chequers_serial_rivers_marsh,
          chequers_serial_rivers_large_a, chequers_serial_rivers_room_a,
          chequers_serial_rivers_room_a
D:6:      layout_rooms
D:7:      layout_cave_pools
D:8:      layout_loops_corners
D:9:      layout_basic, hiddenorc2_lemuel, enter_bailey_3, solitary_fountain,
          uniq_gastronok, uniq_erica
Temple:   regret_index_temple_mists

Skill      XL: |  1  2  3  4  5  6  7  8  9 10 |
---------------+-------------------------------+-----
Stealth        | 3 4 |  4.0
Fighting       | 1 2 4 5 |  5.8
Conjurations   | 2 3 4 5 |  5.8
Dodging        | 3 4 5 |  5.7
Spellcasting   | 3 4 5 |  5.6
Fire Magic     | 4 5 6 7 |  7.3
Short Blades   | 2 3 4 |  4.0
Polearms       | 1 |  1.3

Action                   |  1- 3 |  4- 6 |  7- 9 | 10-12 || total
-------------------------+-------+-------+-------+-------++-------
Melee: Dagger            |    78 |    47 |    39 |       ||   164
       Unarmed           |     6 |       |       |       ||     6
       Constrict         |    16 |    13 |    13 |       ||    42
       Tentacles         |    12 |     9 |     6 |       ||    27
       Demon trident     |       |       |    12 |    28 ||    40
 Cast: Foxfire           |    10 |    87 |   222 |       ||   319
       Sticky Flame      |       |       |    11 |       ||    11
       Conjure Flame     |       |       |     3 |     2 ||     5
  Use: Scroll            |       |     9 |     6 |     2 ||    17
       Potion            |       |     6 |       |       ||     6
 Stab: Sleeping          |    14 |     2 |     5 |     4 ||    25
Armor: Skin              |     3 |     3 |     3 |       ||     9
Dodge: Dodged            |    41 |    62 |    59 |    11 ||   173
